PIO (24 & UNDER)
SALEM SLEDGEHAMMERS @ EAU CLAIRE ESQUIRES
09/01/2023
 
TOP OF THE 1ST
Salem Sledgehammers batting - Pitching for Eau Claire Esquires : RHP Gene McNeil
Pitching: RHP Gene McNeil
Batting: RHB William Richardson 0-0: Foul Ball, location: 2F
0-1: Ball
1-1: Foul Ball, location: 2F
1-2: Foul Ball, location: 2F
1-2: Foul Ball, location: 2F
1-2: Foul Ball, location: 2F
1-2: Ball
2-2: Fly out, F9 (Flyball, 9M)
Batting: RHB Brandon Pope 0-0: Ball
1-0: SINGLE (Groundball, 56D)
Batting: LHB Brent Alonzo 0-0: Swinging Strike
0-1: SINGLE (Line Drive, 7LS)
Brandon Pope to second
Batting: RHB Benjamin Lawson 0-0: Called Strike
0-1: Foul Ball, location: 2F
0-2: Ball
1-2: Ball
2-2: Ball
3-2: Base on Balls
Brandon Pope to third
Brent Alonzo to second
Batting: SHB Pepe Piña 0-0: Ball
1-0: Swinging Strike
1-1: Ball
2-1: Ball
3-1: Foul Ball, location: 2F
3-2: Strikes out looking
Batting: RHB B.J. Allen 0-0: Ball
1-0: DOUBLE (Line Drive, 78S)
Brandon Pope scores
Brent Alonzo scores
Benjamin Lawson to third
Runner from 3rd tries for Home, SAFE, no throw or cutoff
Batting: RHB Dale Reeves 0-0: Fly out, F9 (Flyball, 9M)
Top of the 1st over - 3 run(s), 3 hit(s), 0 error(s), 1 left on base; Salem 3 - Eau Claire 0
BOTTOM OF THE 1ST
Eau Claire Esquires batting - Pitching for Salem Sledgehammers : RHP José López
Pitching: RHP José López
Batting: RHB Eric Fuller 0-0: Ball
1-0: Called Strike
1-1: Called Strike
1-2: Ball
2-2: Strikes out swinging
Batting: LHB Edwin Ryan 0-0: Ground out 4-3 (Groundball, 4)
Batting: RHB Roberto García 0-0: Ball
1-0: Ball
2-0: SINGLE (Line Drive, 56D)
Batting: LHB Michael Cook 0-0: Ball
1-0: Swinging Strike
1-1: Ball
2-1: Swinging Strike
2-2: Ball
3-2: Base on Balls
Roberto García to second
Batting: RHB José Ruíz 0-0: Foul Ball, location: 2F
0-1: Called Strike
0-2: Strikes out swinging
Bottom of the 1st over - 0 run(s), 1 hit(s), 0 error(s), 2 left on base; Salem 3 - Eau Claire 0
TOP OF THE 2ND
Salem Sledgehammers batting - Pitching for Eau Claire Esquires : RHP Gene McNeil
Batting: LHB Nathan Frey 0-0: Ball
1-0: Ground out 4-3 (Groundball, 13)
Batting: LHB José Rivera 0-0: DOUBLE (Flyball, 8LXD)
Batting: RHB William Richardson 0-0: Foul Ball, location: 2F
0-1: Ball
1-1: Foul Ball, location: 2F
1-2: Ball
2-2: Foul Ball, location: 2F
2-2: Ball
3-2: Foul Ball, location: 2F
3-2: Base on Balls
Batting: RHB Brandon Pope 0-0: Ball
1-0: Ball
2-0: Swinging Strike
2-1: Swinging Strike
2-2: Strikes out swinging
Batting: LHB Brent Alonzo 0-0: Ground out 4-3 (Groundball, 34)
Top of the 2nd over - 0 run(s), 1 hit(s), 0 error(s), 2 left on base; Salem 3 - Eau Claire 0
BOTTOM OF THE 2ND
Eau Claire Esquires batting - Pitching for Salem Sledgehammers : RHP José López
Batting: RHB Norm Francis 0-0: Foul Ball, location: 2F
0-1: Ball
1-1: Ball
2-1: Fly out, F7 (Line Drive, 7S)
Batting: RHB Dave Parker 0-0: Called Strike
0-1: Hit by Pitch
Batting: RHB Seiji Kouno 0-0: Ball
1-0: Ball
2-0: Called Strike
2-1: Grounds into double play, 6-4-3 (Groundball, 6)
Bottom of the 2nd over - 0 run(s), 0 hit(s), 0 error(s), 0 left on base; Salem 3 - Eau Claire 0
TOP OF THE 3RD
Salem Sledgehammers batting - Pitching for Eau Claire Esquires : RHP Gene McNeil
Batting: RHB Benjamin Lawson 0-0: Called Strike
0-1: Fly out, F8 (Flyball, 8LM)
Batting: SHB Pepe Piña 0-0: Ball
1-0: Swinging Strike
1-1: Ball
2-1: Swinging Strike
2-2: Foul Ball, location: 2F
2-2: Ball
3-2: Base on Balls
Batting: RHB B.J. Allen 0-0: Foul Ball, location: 2F
0-1: Called Strike
0-2: Ball
1-2: Ball
2-2: Ball
3-2: Strikes out swinging
Batting: RHB Dale Reeves 0-0: Fly out, F7 (Flyball, 78M)
Top of the 3rd over - 0 run(s), 0 hit(s), 0 error(s), 1 left on base; Salem 3 - Eau Claire 0
BOTTOM OF THE 3RD
Eau Claire Esquires batting - Pitching for Salem Sledgehammers : RHP José López
Batting: LHB Jorge Fernández 0-0: Called Strike
0-1: Ground out 4-3 (Groundball, 4)
Batting: RHB Eric Fuller 0-0: SINGLE (Line Drive, 6)
Batting: LHB Edwin Ryan 0-0: Called Strike
0-1: Ball
1-1: Foul Ball, location: 2F
1-2: Foul Ball, location: 2F
1-2: Fly out, F9 (Line Drive, 9M)
Batting: RHB Roberto García 0-0: Called Strike
0-1: Ball
1-1: Ball
2-1: Ball
Wild Pitch!
Eric Fuller to second
3-1: Foul Ball, location: 2F
3-2: SINGLE (Line Drive, 6MD)
Eric Fuller to third
Eric Fuller scores
Batting: LHB Michael Cook 0-0: Ball
1-0: Ball
2-0: Called Strike
2-1: DOUBLE (Flyball, 89D)
Roberto García to third
Runner from 3rd tries for Home, SAFE, throw made at trailing runner, SAFE at third!
Batting: RHB José Ruíz 0-0: Called Strike
0-1: Foul Ball, location: 2F
0-2: Foul Ball, location: 2F
0-2: Ball
1-2: Ball
2-2: Foul Ball, location: 2F
2-2: Fly out, F4 (Line Drive, 4)
Bottom of the 3rd over - 2 run(s), 3 hit(s), 0 error(s), 1 left on base; Salem 3 - Eau Claire 2
TOP OF THE 4TH
Salem Sledgehammers batting - Pitching for Eau Claire Esquires : RHP Gene McNeil
Batting: LHB Nathan Frey 0-0: Called Strike
0-1: Ground out 1-3 (Groundball, 13S)
Batting: LHB José Rivera 0-0: Called Strike
0-1: Called Strike
0-2: Ground out 1-3 (Groundball, 13)
Batting: RHB William Richardson 0-0: Swinging Strike
0-1: Foul Ball, location: 2F
0-2: SINGLE (Groundball, 56D)
Batting: RHB Brandon Pope 0-0: Ball
1-0: Called Strike
1-1: 2-RUN HOME RUN (Flyball, 89XD), Distance : 375 ft
Batting: LHB Brent Alonzo 0-0: Ball
1-0: Called Strike
1-1: SINGLE (Groundball, 56D)
Batting: RHB Benjamin Lawson 0-0: Ball
1-0: Fly out, F8 (Flyball, 8RD)
Top of the 4th over - 2 run(s), 3 hit(s), 0 error(s), 1 left on base; Salem 5 - Eau Claire 2
BOTTOM OF THE 4TH
Eau Claire Esquires batting - Pitching for Salem Sledgehammers : RHP José López
Batting: RHB Norm Francis 0-0: Ball
1-0: Swinging Strike
1-1: Called Strike
1-2: Foul Ball, location: 2F
1-2: Ball
2-2: Foul Ball, location: 2F
2-2: Strikes out swinging
Batting: RHB Dave Parker 0-0: Called Strike
0-1: Reached on error, E6 (Groundball, 56)
Batting: RHB Seiji Kouno 0-0: Called Strike
0-1: Called Strike
0-2: Foul Ball, location: 2F
0-2: Strikes out looking
Batting: LHB Jorge Fernández 0-0: Called Strike
0-1: Foul Ball, location: 2F
0-2: Ball
1-2: Foul Ball, location: 2F
1-2: Foul Ball, location: 2F
1-2: Ball
2-2: Ground out 4-3 (Groundball, 34)
Bottom of the 4th over - 0 run(s), 0 hit(s), 1 error(s), 1 left on base; Salem 5 - Eau Claire 2
TOP OF THE 5TH
Salem Sledgehammers batting - Pitching for Eau Claire Esquires : RHP Gene McNeil
Batting: SHB Pepe Piña 0-0: Ball
1-0: Called Strike
1-1: Swinging Strike
1-2: Strikes out looking
Batting: RHB B.J. Allen 0-0: Called Strike
0-1: Ball
1-1: Foul Ball, location: 2F
1-2: Ball
2-2: Foul Ball, location: 2F
2-2: Ball
3-2: Base on Balls
Pitching: RHP Ray Johnston
Batting: RHB Dale Reeves 0-0: Ball
1-0: Foul Ball, location: 2F
1-1: Ball
2-1: Called Strike
2-2: Fly out, F9 (Flyball, 9M)
Batting: LHB Nathan Frey 0-0: Ground out 4-3 (Groundball, 4)
Top of the 5th over - 0 run(s), 0 hit(s), 0 error(s), 1 left on base; Salem 5 - Eau Claire 2
BOTTOM OF THE 5TH
Eau Claire Esquires batting - Pitching for Salem Sledgehammers : RHP José López
Batting: RHB Eric Fuller 0-0: Called Strike
0-1: Ball
1-1: Ball
2-1: Foul Ball, location: 2F
2-2: Foul Ball, location: 2F
2-2: DOUBLE (Groundball, 3L)
Batting: LHB Edwin Ryan 0-0: Ball
1-0: Called Strike
Eric Fuller steals 3rd base
1-1: Ball
2-1: Ground out 4-3 (Groundball, 4)
Eric Fuller scores
Batting: RHB Roberto García 0-0: Foul Ball, location: 2F
0-1: Fly out, F3 (Popup, 3)
Batting: LHB Michael Cook 0-0: Called Strike
0-1: Ball
1-1: SOLO HOME RUN (Flyball, 9D), Distance : 343 ft
Batting: RHB José Ruíz 0-0: Fly out, F8 (Flyball, 8LM)
Bottom of the 5th over - 2 run(s), 2 hit(s), 0 error(s), 0 left on base; Salem 5 - Eau Claire 4
TOP OF THE 6TH
Salem Sledgehammers batting - Pitching for Eau Claire Esquires : RHP Ray Johnston
Batting: LHB José Rivera 0-0: Ball
1-0: Ball
2-0: Called Strike
2-1: SOLO HOME RUN (Flyball, 9D), Distance : 356 ft
Batting: RHB William Richardson 0-0: Ball
1-0: Called Strike
1-1: Swinging Strike
1-2: Ball
2-2: Foul Ball, location: 2F
2-2: Ball
3-2: Strikes out swinging
Batting: RHB Brandon Pope 0-0: Ball
1-0: Fly out, F9 (Flyball, 89S)
Batting: LHB Brent Alonzo 0-0: Swinging Strike
0-1: Ball
1-1: Called Strike
1-2: Ball
2-2: Foul Ball, location: 2F
2-2: Fly out, F8 (Line Drive, 8LS)
Top of the 6th over - 1 run(s), 1 hit(s), 0 error(s), 0 left on base; Salem 6 - Eau Claire 4
BOTTOM OF THE 6TH
Eau Claire Esquires batting - Pitching for Salem Sledgehammers : RHP José López
Pitching: LHP Nick Johnson
Batting: RHB Norm Francis 0-0: Called Strike
0-1: DOUBLE (Flyball, 9D)
Batting: RHB Dave Parker 0-0: Called Strike
0-1: Ball
1-1: Swinging Strike
1-2: Ball
2-2: Foul Ball, location: 2F
2-2: Fly out, F8 (Flyball, 8RXD)
Runner from 2nd tags up, SAFE at 3rd, no throw
Batting: RHB Seiji Kouno 0-0: Foul Ball, location: 2F
0-1: Ball
1-1: Swinging Strike
1-2: Foul Ball, location: 2F
1-2: Ball
2-2: Ball
3-2: Base on Balls
Batting: LHB Jorge Fernández 0-0: SINGLE (Line Drive, 9S)
Norm Francis scores
Seiji Kouno to second
Runner from 2nd tries for 3rd, OUT!
Batting: RHB Eric Fuller 0-0: Ball
1-0: Ball
2-0: Called Strike
2-1: Ball
3-1: Foul Ball, location: 2F
3-2: Fly out, F7 (Flyball, 78S)
Bottom of the 6th over - 1 run(s), 2 hit(s), 0 error(s), 1 left on base; Salem 6 - Eau Claire 5
TOP OF THE 7TH
Salem Sledgehammers batting - Pitching for Eau Claire Esquires : RHP Ray Johnston
Batting: RHB Benjamin Lawson 0-0: Called Strike
0-1: Called Strike
0-2: Strikes out looking
Pitching: RHP Ignacio Torres
Batting: SHB Pepe Piña 0-0: Called Strike
0-1: Swinging Strike
0-2: Strikes out swinging
Batting: RHB B.J. Allen 0-0: Ball
1-0: Ball
2-0: Ball
3-0: Called Strike
3-1: Base on Balls
Batting: RHB Dale Reeves 0-0: Called Strike
0-1: Swinging Strike
0-2: Foul Ball, location: 2F
0-2: Strikes out looking
Top of the 7th over - 0 run(s), 0 hit(s), 0 error(s), 1 left on base; Salem 6 - Eau Claire 5
BOTTOM OF THE 7TH
Eau Claire Esquires batting - Pitching for Salem Sledgehammers : LHP Nick Johnson
Batting: LHB Edwin Ryan 0-0: Foul Ball, location: 2F
0-1: Ball
1-1: Reached on error, E4 (Groundball, 34)
Batting: RHB Roberto García 0-0: Fly out, F8 (Line Drive, 8LM)
Batting: LHB Michael Cook 0-0: Ball
1-0: Ball
2-0: Swinging Strike
2-1: Foul Ball, location: 2F
2-2: Foul Ball, location: 2F
2-2: Fly out, F9 (Flyball, 9D)
Runner from 1st tags up, SAFE at 2nd
Pinch Hitting: RHB Ronald Parsons 0-0: Fly out, F9 (Flyball, 9S)
Bottom of the 7th over - 0 run(s), 0 hit(s), 1 error(s), 1 left on base; Salem 6 - Eau Claire 5
TOP OF THE 8TH
Salem Sledgehammers batting - Pitching for Eau Claire Esquires : RHP Ignacio Torres
Pitching: LHP Charlie Conner
Now at 3B: Javier Reyes
Batting: LHB Nathan Frey 0-0: Called Strike
0-1: Ball
1-1: Called Strike
1-2: Ball
2-2: Ball
3-2: Base on Balls
Pitching: RHP Ray McIntyre
Batting: LHB José Rivera 0-0: Sac Bunt - play at first, batter OUT! 1-4
Nathan Frey to second
Batting: RHB William Richardson 0-0: Intentional Walk
Batting: RHB Brandon Pope 0-0: Ball
1-0: Ball
2-0: Ball
3-0: Called Strike
3-1: Foul Ball, location: 2F
3-2: Foul Ball, location: 2F
3-2: Ground out 5-3 (Groundball, 5S)
Nathan Frey to third
William Richardson to second
Batting: LHB Brent Alonzo 0-0: Ball
1-0: Called Strike
1-1: Ball
2-1: Ball
Balk!
Nathan Frey scores
William Richardson to third
3-1: Foul Ball, location: 2F
3-2: Base on Balls
Batting: RHB Benjamin Lawson 0-0: Foul Ball, location: 2F
0-1: Ball
1-1: Called Strike
Brent Alonzo steals 2nd base
1-2: Ball
2-2: Strikes out swinging
Top of the 8th over - 1 run(s), 0 hit(s), 0 error(s), 2 left on base; Salem 7 - Eau Claire 5
BOTTOM OF THE 8TH
Eau Claire Esquires batting - Pitching for Salem Sledgehammers : LHP Nick Johnson
Pitching: RHP Omar Camacho
Batting: RHB Norm Francis 0-0: Ball
1-0: Ball
2-0: Called Strike
2-1: Swinging Strike
2-2: DOUBLE (Groundball, 5L)
Pitching: RHP Vaughan Gillespie
Batting: RHB Dave Parker 0-0: Ball
1-0: Foul Ball, location: 2F
1-1: Ball
2-1: Ball
3-1: Called Strike
3-2: Base on Balls
Batting: RHB Seiji Kouno 0-0: Fly out, F7 (Flyball, 7M)
Pitching: LHP Allen Purss
Pinch Hitting: RHB Juan Robles 0-0: Called Strike
0-1: Foul Ball, location: 2F
0-2: Ball
1-2: Ball
2-2: Strikes out swinging
Pitching: RHP Carlos Morán
Batting: RHB Eric Fuller 0-0: Ball
1-0: Ball
2-0: Ball
3-0: Base on Balls
Norm Francis to third
Dave Parker to second
Batting: LHB Edwin Ryan 0-0: Called Strike
0-1: Ball
1-1: SINGLE (Groundball, 4MD)
Norm Francis scores
Dave Parker to third
Eric Fuller to second
Runner from 3rd tries for Home, throw and OUT!
Bottom of the 8th over - 1 run(s), 2 hit(s), 0 error(s), 2 left on base; Salem 7 - Eau Claire 6
TOP OF THE 9TH
Salem Sledgehammers batting - Pitching for Eau Claire Esquires : RHP Ray McIntyre
Pitching: RHP Ignacio Beltrán
Now in CF: Manny Salazar
Batting: SHB Pepe Piña 0-0: Called Strike
0-1: Ground out 4-3 (Groundball, 4)
Batting: RHB B.J. Allen 0-0: Ball
1-0: Ground out 4-3 (Groundball, 4)
Batting: RHB Dale Reeves 0-0: Ball
1-0: Foul Ball, location: 2F
1-1: SINGLE (Groundball, 56)
Batting: LHB Nathan Frey 0-0: Called Strike
Dale Reeves steals 2nd base
0-1: Swinging Strike
0-2: Strikes out looking
Top of the 9th over - 0 run(s), 1 hit(s), 0 error(s), 1 left on base; Salem 7 - Eau Claire 6
BOTTOM OF THE 9TH
Eau Claire Esquires batting - Pitching for Salem Sledgehammers : RHP Carlos Morán
Pitching: RHP Rick Haynes
Batting: RHB Roberto García 0-0: Called Strike
0-1: Ground out 2-3 (Groundball, 2R)
Batting: LHB Michael Cook 0-0: Ball
1-0: Ball
2-0: SINGLE (Groundball, 4MD) (infield hit)
Pinch Hitting: LHB Alfredo González 0-0: Ball
1-0: Grounds into double play, U4-3 (Groundball, 4)
Bottom of the 9th over - 0 run(s), 1 hit(s), 0 error(s), 0 left on base; Salem 7 - Eau Claire 6
This league is powered by Out of the Park Baseball, the baseball management simulation game for PC, Mac and Linux
Wednesday, December 2nd, 2015 - OOTP Baseball 16.8 Build 38